AoeStats
← 桃花石·奈斯儿汗

Arena

505458951Analyzed
2v2 RM · 22d ago on Sep 9, 2026· 39m 53s· 4 players
Game mode
Random Map
Map size
Medium (4 player)
Population
200
Speed
Normal
Resources
Standard
Victory
Conquest
Starting age
Dark Age
Ending age
Imperial Age
RankedLock teamsTeams togetherTeam positionsShared explorationLock speedFull tech treeHidden civsTurbo modeCheats
Victory
Defeat
🇭🇰 Bengalis · Hong Kong SAR China
632
+18
632
+18
🇫🇷 Britons · France
679
-19
🇫🇷 Portuguese · France
651
-17
桃花石·奈斯儿汗
10:36 Feudal Age
11:37 Horse Collar
11:45 Double-Bit Axe
14:54 Wheelbarrow
15:27 Loom
18:04 Castle Age
16:41 Forging
18:00 Scale Barding Armor
18:44 Bloodlines
18:47 Gold Mining
19:21 Husbandry
18:45 Light Cavalry
20:05 Heavy Plow
22:15 Fletching
22:59 Town Watch
24:26 Husbandry
24:56 Fervor
25:07 Sanctity
25:40 Iron Casting
25:25 Chain Barding Armor
26:57 Hand Cart
27:46 Town Patrol
32:58 Imperial Age
31:23 Murder Holes
31:10 Treadmill Crane
32:51 Stone Mining
33:32 Ballistics
34:31 Guilds
34:24 Elite Battle Elephant
36:13 Bodkin Arrow
36:19 Padded Archer Armor
37:36 Chain Barding Armor
38:46 Chemistry
37:58 Masonry
40:49 Conscription
40:36 Paiks
泰坦3号E半人马座火箭
0:33 Loom
11:22 Feudal Age
12:03 Horse Collar
12:11 Double-Bit Axe
13:48 Wheelbarrow
21:36 Castle Age
21:19 Gold Mining
21:20 Stone Mining
21:46 Forging
21:42 Scale Mail Armor
24:24 Gold Shaft Mining
24:24 Stone Shaft Mining
24:05 Bow Saw
24:00 Heavy Plow
24:35 Crossbowman
27:29 Thumb Ring
29:02 Iron Casting
28:36 Padded Archer Armor
28:53 Chain Mail Armor
28:33 Fletching
31:10 Scale Barding Armor
34:54 Imperial Age
33:39 Hand Cart
36:20 Logistica
36:31 Conscription
39:00 Crop Rotation
38:57 Chain Barding Armor
39:09 Plate Mail Armor
40:02 Two-Man Saw
thi1313
11:44 Feudal Age
16:55 Castle Age
19:23 Double-Bit Axe
21:09 Horse Collar
24:24 Wheelbarrow
25:32 Heavy Plow
26:43 Murder Holes
27:34 Bow Saw
28:44 Forging
28:37 Scale Mail Armor
30:07 Hand Cart
30:34 Fletching
31:26 Pikeman
34:57 Imperial Age
32:13 Loom
33:22 Pikeman
35:27 Bodkin Arrow
36:13 Iron Casting
35:54 Halberdier
N{o}No
0:30 Loom
11:09 Feudal Age
11:43 Double-Bit Axe
11:51 Horse Collar
16:23 Stone Mining
20:30 Castle Age
19:53 Padded Archer Armor
19:43 Fletching
20:01 Gold Mining
21:26 Bow Saw
21:19 Heavy Plow
21:43 Bodkin Arrow
24:03 Gold Shaft Mining
25:20 Leather Archer Armor
24:48 Treadmill Crane
25:52 Scale Mail Armor
26:02 Forging
28:09 Forging
28:20 Pikeman
30:19 Yeomen
30:56 Ballistics
30:40 Squires
31:31 Fortified Wall
31:16 Gambesons
33:46 Wheelbarrow
33:34 Chain Mail Armor
34:32 Hand Cart
35:34 Man-at-Arms
39:32 Imperial Age
Connection lost

Rejoining the realm…

Still unreachable

The connection could not be restored.

Session expired

The server has moved on; the page needs a fresh start.